 Dungeon Crawl Stone Soup version 0.28-a0-1190-g77e1c55843 (webtiles) character file.

Game seed: 1394702791305555993

70 Astera the Slasher (level 4, -3/29 HPs)
             Began as a Tengu Berserker on Dec 18, 2021.
             Was a Believer of Trog.
             Frozen to death by an endoplasm (4 damage)
             ... on level 3 of the Dungeon.
             The game lasted 00:07:28 (2245 turns).

Astera the Slasher (Tengu Berserker)                Turns: 2245, Time: 00:07:30

Health: -3/29      AC:  5    Str: 17    XL:     4   Next: 22%
Magic:  5/5        EV: 11    Int:  7    God:    Trog [**....]
Gold:   103        SH:  0    Dex: 14    Spells: 3/3 levels left

rFire   . . .      SeeInvis .   d - +0 long sword
rCold   . . .      Faith    .   (no shield)
rNeg    . . .      Spirit   .   e - +0 ring mail
rPois   .          Reflect  .   (helmet restricted)
rElec   .          Harm     .   (no cloak)
rCorr   .          Rampage  .   (no gloves)
Will    .....      Clarity  +   (boots unavailable)
Stlth   ..........              (no amulet)
HPRegen 0.09/turn               (no ring)
MPRegen 0.09/turn               (no ring)

@: confused
A: beak, talons 3, clarity, weak 1, devolution 1
a: Renounce Religion, Berserk, Trog's Hand


You were on level 3 of the Dungeon.
You worshipped Trog.
Trog was pleased with you.
You visited 1 branch of the dungeon, and saw 3 of its levels.

You collected 103 gold pieces.

Inventory:

Hand Weapons
 d - a +0 long sword (weapon)
Armour
 b - a +0 animal skin
 e - a +0 ring mail (worn)
 k - a +0 kite shield
Scrolls
 a - a scroll of fog {unknown}
 c - a scroll of identify {unknown}
 h - a scroll of amnesia {unknown}
 l - 4 scrolls of torment {unknown}
 m - a scroll of vulnerability {unknown}
 n - 2 scrolls of teleportation {unknown}
Potions
 g - a potion of brilliance {unknown}
 i - a potion of heal wounds {unknown}
 j - a potion of lignification {unknown}
 o - a potion of curing {unknown}


   Skills:
 + Level 3.8 Fighting
 + Level 4.2 Long Blades
 + Level 2.4 Armour
 + Level 2.5 Dodging
 + Level 0.7 Stealth


You had 3 spell levels left.
You didn't know any spells.
Your spell library was empty.

Dungeon Overview and Level Annotations

Branches:
Dungeon (3/15)

Altars:
Wu Jian


Innate Abilities, Weirdness & Mutations

You have a beak for a mouth.
You have claws for feet.
You possess an exceptional clarity of mind.
You are weak. (Str -2)
You have hidden genetic defects.


Message History

You see here a +0 whip.
You're too confused to move!
The orc hits you with a +0 club. The endoplasm hits you.
You barely miss the orc. The orc closely misses you. The endoplasm hits you.
The orc hits you with a +0 club.
You barely miss the orc. Your peck misses the orc.
The kobold hits you with a +0 club.
The orc wizard hits you with a +0 dagger.
The orc hits you but does no damage. The endoplasm freezes you.
You are frozen.
The orc barely misses you.
You closely miss the orc. You claw the orc!
You kill the orc!
Trog accepts your kill. The kobold misses you.
The orc wizard hits you with a +0 dagger.
* * * LOW HITPOINT WARNING * * *
The orc misses you.
The endoplasm hits you but does no damage.
The orc hits you but does no damage. The kobold hits you but does no damage.
The orc wizard points at you and mumbles some strange words.
You are more confused.
Unknown command.
Okay, then.
You're too confused to move!
The orc hits you with a +0 club.
* * * LOW HITPOINT WARNING * * *
The endoplasm closely misses you. The orc hits you with a +0 dagger.
* * * LOW HITPOINT WARNING * * *
The kobold misses you.
The orc wizard hits you with a +0 dagger.
* * * LOW HITPOINT WARNING * * *
Okay, then.
It was a potion of mutation.
You feel extremely strange.
You feel weaker.
You feel a hidden malignance growing inside you.
Your thoughts seem clearer.
The orc closely misses you. The endoplasm freezes you.
You are frozen.
You die...

#..................
####....##.###.##.#
# #######.....####
#. #......###.#
#.#####.####.# #.#
#....##.# #.# #.#
..##....##.# #.#
#<#
......K)##.####.#
#.#
......o@o.......#
###
......Jo###.#####
.......## #.#
##..... #.# #.....
#.# #..... #.#
#..... #.# #.....
#.#


You could see an orc wizard, 2 orcs, an endoplasm and a kobold.

Vanquished Creatures
  2 adders
  A worm (D:2)
  2 orcs (D:3)
  3 endoplasms
  A giant cockroach (D:2)
  A goblin (D:2)
  5 hobgoblins
  2 jackals (D:3)
  A quokka (D:1)
  9 ball pythons
  6 bats
  3 frilled lizards
  7 kobolds
  3 rats (D:1)
46 creatures vanquished.

Notes
Turn   | Place    | Note
-------+----------+-------------------------------------------
     0 | D:1      | Astera the Tengu Berserker began the quest for the Orb.
     0 | D:1      | Reached XP level 1. HP: 14/14 MP: 2/2
   260 | D:1      | Reached XP level 2. HP: 18/19 MP: 3/3
  1014 | D:2      | Reached XP level 3. HP: 21/23 MP: 4/4
  1160 | D:1      | Reached ** piety under Trog
  1356 | D:2      | Found a faded altar of an unknown god.
  1356 | D:2      | Noticed an ice devil
  1789 | D:3      | Reached skill level 4 in Long Blades
  1802 | D:3      | Found an ornate altar of the Wu Jian Council.
  1837 | D:3      | Reached XP level 4. HP: 29/29 MP: 5/5
  2244 | D:3      | HP: 1/29 [orc wizard (1)]
  2245 | D:3      | Gained mutation: You are weak. (Str -2) [potion of
                  | mutation]
  2245 | D:3      | Gained mutation: You have hidden genetic defects. [potion
                  | of mutation]
  2245 | D:3      | Gained mutation: You possess an exceptional clarity of
                  | mind. [potion of mutation]
  2245 | D:3      | Frozen to death by an endoplasm

Illustrated notes

Levels and vault maps discovered:
D:1:      onia_arrival_pentagram, layout_basic
D:2:      layout_loops_cross, dreamdust_ecumenical_altar_sealed_demon,
          chequers_serial_rivers_marsh
D:3:      layout_basic, lemuel_tele_altar

Skill      XL: |  1  2  3 |
---------------+----------+-----
Long Blades    | 4 |  4.2
Fighting       | |  3.8
Armour         | |  2.4
Dodging        | |  2.5
Stealth        | |  0.7

Action                   |  1- 3 |  4- 6 || total
-------------------------+-------+-------++-------
Melee: Long sword        |    72 |    20 ||    92
       Falchion          |     6 |       ||     6
       Peck              |     8 |     2 ||    10
       Kick              |    21 |     6 ||    27
  Use: Potion            |       |     1 ||     1
 Stab: Sleeping          |     2 |       ||     2
Armor: Animal skin       |    18 |       ||    18
       Ring mail         |       |     9 ||     9
Dodge: Dodged            |    63 |    25 ||    88

Table legend: (Time is in decaauts)
 A = Elapsed time spent in this place.
 B = Non-inter-level travel time spent in this place.
 C = Inter-level travel time spent in this place.
 D = Time resting spent in this place.
 E = Time spent auto-exploring this place.
 F = Levels seen in this place.
 G = Mean time per level.
                   A        B        C        D        E       F      G
               +--------+--------+--------+--------+--------+-----+--------+
         Total |   2268 |   2195 |     73 |    341 |    897 |   3 |  756.0 |
       Dungeon |   2268 |   2195 |     73 |    341 |    897 |   3 |  756.0 |
               +--------+--------+--------+--------+--------+-----+--------+

Top non-repeatable levels by time:
     D:1: 1055 daAuts
     D:2: 747 daAuts
     D:3: 464 daAuts
